[Event "ICC tourney 2020 (75 10)"]
[Site "Internet Chess Club"]
[Date "2020.09.26"]
[Round "1"]
[White "Rhinoguy"]
[Black "buptwy"]
[Result "0-1"]
[ICCResult "White checkmated"]
[WhiteElo "1147"]
[BlackElo "719"]
[Opening "Scotch game"]
[ECO "C45"]
[NIC "SO.05"]
[Time "13:07:52"]
[TimeControl "4500+10"]

1. e4 e5 2. Nf3 Nc6 3. d4 exd4 4. Nxd4 Bc5 5. Be3 Qf6 6. c3 Nge7 7. Bc4 O-O
8. Nxc6 Qxc6 9. Bxc5 Qxc5 10. Qd4 Qxd4 11. cxd4 Re8 12. O-O Nc6 13. d5 Rxe4
14. Bd3 Rd4 15. Re1 g6 16. Re8+ Kg7 17. dxc6 Rxd3 18. Nc3 bxc6 19. Rd1 Rxd1+
20. Nxd1 Bb7 21. Re7 Rd8 22. Nc3 Kf8 23. Re4 Re8 24. f3 Rxe4 25. Nxe4 Ke7
26. Nc5 Ba8 27. Na6 Kd6 28. b4 Bb7 29. Nc5 Ba8 30. Kf2 Kd5 31. Nxd7 Kc4 32.
Ne5+ Kxb4 33. Nxf7 c5 34. Ke3 Bd5 35. Ng5 Bxa2 36. Nxh7 c4 37. Kd2 c3+ 38.
Kc2 Bb3+ 39. Kc1 c2 40. Nf8 a5 41. Nxg6 a4 42. Ne5 a3 43. Nd3+ Kc3 44. Ne1
a2 45. Nxc2 Bxc2 46. f4 a1=Q# {White checkmated} 0-1

[Event "ICC tourney 2020 (75 10)"]
[Site "Internet Chess Club"]
[Date "2020.09.26"]
[Round "1"]
[White "EricCheng-131"]
[Black "DrKnight01"]
[Result "1-0"]
[ICCResult "Black resigns"]
[WhiteElo "932"]
[BlackElo "1149"]
[Opening "King's pawn game"]
[ECO "C50"]
[NIC "IG.03"]
[Time "13:08:15"]
[TimeControl "4500+10"]

1. e4 e5 2. Nf3 Nc6 3. Bc4 h6 4. d4 exd4 5. Nxd4 Nxd4 6. Qxd4 Qf6 7. Qd3 Bc5
8. O-O d6 9. Nc3 Ne7 10. Be3 Bd7 11. Rad1 O-O-O 12. Bxc5 dxc5 13. Nd5 Nxd5
14. Qxd5 Bg4 15. Qxc5 Bxd1 16. e5 Qb6 17. Qa3 Bxc2 18. Bxf7 Rhf8 19. e6 Rxf7
20. exf7 Qf6 21. Qxa7 Qxf7 22. Qa8+ Kd7 23. Qxb7 Qxa2 24. Qb5+ Kc8 25. Qh5
Qxb2 26. Qg4+ Kb8 27. Qe2 Qb3 28. Qe7 g6 29. Qxd8+ Kb7 30. Rc1 Qb2 31. Qd2
{Black resigns}
1-0

[Event "ICC tourney 2020 (75 10)"]
[Site "Internet Chess Club"]
[Date "2020.09.26"]
[Round "1"]
[White "JCJ2018"]
[Black "lucachesschess"]
[Result "0-1"]
[ICCResult "White checkmated"]
[WhiteElo "988"]
[BlackElo "1250"]
[Opening "Sicilian defense"]
[ECO "B33"]
[NIC "SI.32"]
[Time "13:07:46"]
[TimeControl "4500+10"]

1. e4 c5 2. Nf3 Nc6 3. d4 cxd4 4. Nxd4 Nf6 5. Nxc6 bxc6 6. Nc3 e5 7. Bg5 Be7
8. Bd3 O-O 9. O-O Bb7 10. f4 exf4 11. Bxf4 d5 12. e5 Nd7 13. b3 Re8 14. Qh5
g6 15. Qe2 Bf8 16. Nd1 Bg7 17. Qd2 Nxe5 18. Bxe5 Bxe5 19. Rc1 Qb6+ 20. Kh1
Ba6 21. Bxa6 Qxa6 22. Qf2 Re7 23. a4 Bd4 24. Qf3 Rae8 25. Nf2 Bxf2 26. Qxf2
Qe2 27. Qxe2 Rxe2 28. h3 Rd2 29. Kg1 Ree2 30. g4 Rg2+ 31. Kh1 Rh2+ 32. Kg1
Rdg2# {White checkmated} 0-1

[Event "ICC tourney 2020 (75 10)"]
[Site "Internet Chess Club"]
[Date "2020.09.26"]
[Round "1"]
[White "NeuralNetworkQS"]
[Black "oxdidi"]
[Result "1-0"]
[ICCResult "Black resigns"]
[WhiteElo "931"]
[BlackElo "1161"]
[Opening "Giuoco Piano"]
[ECO "C50"]
[NIC "IG.02"]
[Time "13:07:58"]
[TimeControl "4500+10"]

1. e4 e5 2. Nf3 Nc6 3. Bc4 Bc5 4. O-O Nf6 5. d3 h6 6. Nc3 O-O 7. Be3 Bb6 8.
d4 exd4 9. Nxd4 Re8 10. Nxc6 bxc6 11. Bxb6 cxb6 12. Re1 Bb7 13. e5 Nh7 14.
Qf3 Qe7 15. Bd3 Ng5 16. Qf5 Qe6 17. Qxe6 Nxe6 18. Ne4 Re7 19. Nd6 Bc8 20. h3
Nc5 21. Rad1 Nxd3 22. Rxd3 Ba6 23. Ra3 Bb5 24. c4 f6 25. cxb5 cxb5 26. Nxb5
fxe5 27. Rxa7 Rae8 28. Nd6 Rc8 29. Nxc8 Re8 30. Nxb6 Rb8 31. Ra8 Rf8 32.
Rxf8+ Kxf8 33. Rxe5 d6 34. Rd5 Ke7 35. a4 Ke6 36. a5 {Black resigns} 1-0

[Event "ICC tourney 2020 (75 10)"]
[Site "Internet Chess Club"]
[Date "2020.09.26"]
[Round "1"]
[White "alexbelaya"]
[Black "Nedas15"]
[Result "1-0"]
[ICCResult "Black checkmated"]
[WhiteElo "1112"]
[BlackElo "301"]
[Opening "Two knights defense"]
[ECO "C55"]
[NIC "IG.04"]
[Time "13:07:49"]
[TimeControl "4500+10"]

1. e4 e5 2. Bc4 Nf6 3. d4 Nc6 4. Nf3 Nxe4 5. dxe5 Na5 6. Qd5 Nxc4 7. Qxc4 d5
8. Qb5+ c6 9. Qd3 Qb6 10. Be3 Qxb2 11. Bd4 Qc1+ 12. Qd1 Bb4+ 13. Ke2 Qxd1+
14. Kxd1 O-O 15. c3 Nxf2+ 16. Bxf2 Ba5 17. Re1 d4 18. Bxd4 b6 19. Kc2 c5 20.
Be3 Ba6 21. Nbd2 Rad8 22. Rad1 Bd3+ 23. Kb3 Rc8 24. c4 b5 25. cxb5 c4+ 26.
Ka4 Bc3 27. Rc1 Bb2 28. Nb3 cxb3 29. Rxc8 Rxc8 30. Kxb3 Rc2 31. Rd1 Be2 32.
Kxc2 Bxd1+ 33. Kxd1 Ba3 34. Bxa7 Bf8 35. b6 h6 36. b7 g6 37. b8=Q Kg7 38.
Bd4 f6 39. exf6+ Kf7 40. Qc7+ Kg8 41. Qc8 Kf7 42. a4 Kg8 43. a5 Kf7 44. a6
g5 45. a7 Ba3 46. a8=Q Bd6 47. Qf8+ Kg6 48. Qe4+ Kh5 49. Qf7# {Black
checkmated} 1-0

[Event "ICC tourney 2020 (75 10)"]
[Site "Internet Chess Club"]
[Date "2020.09.26"]
[Round "1"]
[White "RockyWang"]
[Black "soreairplane"]
[Result "1-0"]
[ICCResult "Black checkmated"]
[WhiteElo "466"]
[BlackElo "836"]
[Opening "Ruy Lopez: Cozio defense"]
[ECO "C60"]
[NIC "RL.04"]
[Time "13:07:54"]
[TimeControl "4500+10"]

1. e4 e5 2. Nf3 Nc6 3. Bb5 Nge7 4. d3 Ng6 5. a3 Bc5 6. Be3 Bb6 7. Nbd2 O-O
8. O-O d6 9. h3 Bd7 10. Nc4 Nd4 11. Bxd7 Nxf3+ 12. Qxf3 Qxd7 13. Nxb6 axb6
14. Qg4 f5 15. exf5 Qxf5 16. Qxf5 Rxf5 17. Rad1 c5 18. c3 Ra4 19. d4 exd4
20. cxd4 Rf6 21. dxc5 bxc5 22. Rfe1 Ne5 23. Bxc5 Nf3+ 24. gxf3 dxc5 25. Re8+
Kf7 26. Re3 b6 27. Rd7+ Kg6 28. Ree7 Rh4 29. Rxg7+ Kf5 30. Rxh7 Rxh7 31.
Rxh7 Kg6 32. Rb7 Kf5 33. Kf1 Kf4 34. Re7 Kxf3 35. Re3+ Kf4 36. a4 Rd6 37.
Ke2 Rd4 38. b3 Rb4 39. Rc3 Ke5 40. Re3+ Kf4 41. f3 Kg3 42. h4 Rxh4 43. Re6
Rb4 44. Rg6+ Kf4 45. Rg4+ Ke5 46. Rxb4 cxb4 47. Kd3 Kf4 48. Kc4 Kxf3 49.
Kxb4 Ke4 50. Kb5 Kd5 51. Kxb6 Kd6 52. a5 Kd7 53. Kb7 Kd6 54. a6 Kc5 55. a7
Kb4 56. a8=Q Kxb3 57. Qa5 Kc4 58. Qb6 Kd5 59. Qc7 Ke6 60. Qd8 Kf7 61. Kc6
Ke6 62. Qe8+ Kf5 63. Kd5 Kf4 64. Qe5+ Kf3 65. Qe4+ Kf2 66. Kd4 Kg3 67. Qf5
Kg2 68. Qf4 Kg1 69. Ke3 Kg2 70. Qf3+ Kg1 71. Qe2 Kh1 72. Kf3 Kg1 73. Qg2#
{Black checkmated}
1-0

[Event "ICC tourney 2020 (75 10)"]
[Site "Internet Chess Club"]
[Date "2020.09.26"]
[Round "1"]
[White "AJRChess2011"]
[Black "araddhya"]
[Result "1-0"]
[ICCResult "Black checkmated"]
[WhiteElo "1287"]
[BlackElo "925"]
[Opening "Ruy Lopez: Berlin defense, 4.O-O"]
[ECO "C65"]
[NIC "RL.07"]
[Time "13:07:52"]
[TimeControl "4500+10"]

1. e4 e5 2. Nf3 Nc6 3. Bb5 Nf6 4. O-O Bd6 5. Nc3 a6 6. Bc4 O-O 7. d3 Bc5 8.
Bg5 h6 9. Bh4 Be7 10. a4 Ng4 11. Bxe7 Qxe7 12. Nd5 Qd8 13. h3 Nf6 14. Re1 d6
15. Qd2 Nd4 16. Nxd4 exd4 17. Nf4 c6 18. Ng6 Re8 19. Nf4 d5 20. exd5 cxd5
21. Rxe8+ Qxe8 22. Nxd5 Nxd5 23. Bxd5 Qe5 24. Be4 Rb8 25. Re1 Bf5 26. Bxb7
Qf6 27. Bd5 Qd6 28. Bb3 Qg6 29. Qf4 Rf8 30. Kh2 Bd7 31. Qxd4 Bc6 32. Qg4
Qd6+ 33. Qg3 Qb4 34. Re2 Qd4 35. Re7 Bxa4 36. Re4 Qxb2 37. Bxa4 Qb7 38. Qd6
Qc8 39. Rg4 g6 40. Rxg6+ fxg6 41. Qxg6+ Kh8 42. Qxh6+ Kg8 43. Bb3+ Rf7 44.
Qg6+ Kh8 45. Qxf7 Qb8+ 46. g3 a5 47. Qf6+ Kh7 48. Bf7 a4 49. Qg6+ Kh8 50.
Qh6# {Black checkmated} 1-0

[Event "ICC tourney 2020 (75 10)"]
[Site "Internet Chess Club"]
[Date "2020.09.26"]
[Round "1"]
[White "falcon2020"]
[Black "traycon"]
[Result "1-0"]
[ICCResult "Black resigns"]
[WhiteElo "1204"]
[BlackElo "901"]
[Opening "Dutch"]
[ECO "A80"]
[NIC "HD.12"]
[Time "13:07:59"]
[TimeControl "4500+10"]

1. d4 f5 2. Nf3 Nf6 3. Bf4 Nh5 4. e3 Nxf4 5. exf4 g6 6. h4 e6 7. h5 Qf6 8.
Ne5 Nc6 9. Be2 Nxe5 10. dxe5 Qg7 11. Nc3 Bb4 12. Qd3 a6 13. Qg3 O-O 14.
O-O-O Bxc3 15. Qxc3 d6 16. h6 Qe7 17. exd6 cxd6 18. Rxd6 b5 19. Rhd1 Ra7 20.
Qd4 Rf7 21. Rd8+ Rf8 22. Rxf8+ Kxf8 23. Qh8+ Kf7 24. Qg7+ Ke8 25. Qg8+ Qf8
26. Rd8+ Kxd8 27. Qxf8+ Kc7 28. Qc5+ Kb8 29. Bf3 Bb7 30. Qb6 b4 31. Kd2 a5
32. a4 bxa3 33. bxa3 a4 34. Kc3 Kc8 35. Qxa7 Bxf3 36. gxf3 Kd8 37. Qxh7
{Black resigns}
1-0

[Event "ICC tourney 2020 (75 10)"]
[Site "Internet Chess Club"]
[Date "2020.09.26"]
[Round "1"]
[White "Maximusiv"]
[Black "miyzhang"]
[Result "1-0"]
[ICCResult "Black checkmated"]
[WhiteElo "1079"]
[BlackElo "1253"]
[Opening "Evans gambit: normal variation"]
[ECO "C51"]
[NIC "IG.05"]
[Time "13:07:48"]
[TimeControl "4500+10"]

1. e4 e5 2. Nf3 Nc6 3. Bc4 Bc5 4. b4 Bxb4 5. c3 Bc5 6. d4 exd4 7. O-O d6 8.
cxd4 Bb6 9. Re1 Bg4 10. Bb2 Nf6 11. e5 dxe5 12. Bxf7+ Kxf7 13. Ng5+ Ke8 14.
Qb3 Qd5 15. Qg3 e4 16. Nxe4 Kf7 17. Nxf6 gxf6 18. Qxg4 Rag8 19. Qh3 Nxd4 20.
Ba3 c5 21. Nc3 Qc6 22. Rac1 Nf3+ 23. Kf1 Nxe1 24. Rxe1 Ba5 25. Qh5+ Kf8 26.
Bxc5+ Qxc5 27. Qxc5+ Kf7 28. Qxa5 a6 29. Qd5+ Kg6 30. Re3 f5 31. Rg3+ Kf6
32. Rxg8 Rxg8 33. Qxg8 Ke5 34. Qd5+ Kf6 35. Qxb7 Kg6 36. Qxa6+ Kg5 37. Ke2
h5 38. Kf3 Kh4 39. Qf6# {Black checkmated} 1-0

[Event "ICC tourney 2020 (75 10)"]
[Site "Internet Chess Club"]
[Date "2020.09.26"]
[Round "1"]
[White "boxingguy2469x"]
[Black "ruhanv"]
[Result "1-0"]
[ICCResult "Black checkmated"]
[WhiteElo "1243"]
[BlackElo "936"]
[Opening "Caro-Kann: exchange variation"]
[ECO "B13"]
[NIC "CK.02"]
[Time "13:07:52"]
[TimeControl "4500+10"]

1. e4 c6 2. d4 d5 3. exd5 cxd5 4. Nc3 Nf6 5. Nf3 Bg4 6. Bb5+ Nc6 7. O-O e6
8. Re1 Bd6 9. Bg5 O-O 10. a3 h6 11. Be3 Qc7 12. g3 Ne4 13. Bd3 Nxg3 14. fxg3
Bxg3 15. Bf2 Bxf2+ 16. Kxf2 Qf4 17. Rh1 Nxd4 18. Be2 Nxf3 19. Bxf3 d4 20.
Ne4 f5 21. Ng3 g5 22. h3 Bxh3 23. Rxh3 Qe3+ 24. Kg2 g4 25. Nf1 gxh3+ 26.
Kxh3 Qf4 27. Nh2 Rf7 28. Qe1 Qd6 29. Qh4 Rg7 30. Nf1 e5 31. Be2 Qg6 32. Qg3
Qe6 33. Qb3 Qxb3+ 34. cxb3 Rc8 35. Ng3 Rf8 36. Bc4+ Kh8 37. Rf1 f4 38. Ne4
Rf5 39. Kh4 f3 40. Ng3 Rf4+ 41. Kh3 Rgg4 42. Nh1 Rh4+ 43. Kg3 Rfg4+ 44. Kf2
Rh2+ 45. Kxf3 Rf4+ 46. Kg3 Rxf1 47. Kxh2 Rxh1+ 48. Kxh1 e4 49. Kg1 h5 50.
Bd5 e3 51. Bxb7 d3 52. Kf1 Kg7 53. Ba6 Kf6 54. Bxd3 Ke5 55. Ke2 Kf4 56. Bb5
Ke4 57. Bd7 a5 58. Bh3 h4 59. b4 axb4 60. axb4 Kd4 61. b5 Kc5 62. Bd7 h3 63.
Bxh3 Kxb5 64. Kxe3 Kb4 65. Kd2 Kb3 66. Kc1 Kb4 67. Kc2 Kc4 68. Be6+ Kb4 69.
Kd3 Kc5 70. Kc3 Kb5 71. Bd7+ Kc5 72. b4+ Kb6 73. Kc4 Kc7 74. Bh3 Kc6 75.
Bg2+ Kb6 76. b5 Kc7 77. Kc5 Kb8 78. Kd6 Ka7 79. Kc6 Kb8 80. Kb6 Kc8 81. Ka7
Kc7 82. b6+ Kc8 83. b7+ Kd7 84. b8=Q Ke6 85. Qb5 Kd6 86. Kb7 Ke6 87. Qd5+
Kf6 88. Kc7 Kg6 89. Kd7 Kf6 90. Be4 Kg7 91. Ke7 Kh8 92. Qe5+ Kg8 93. Bd5+
Kh7 94. Kf7 Kh6 95. Qf4+ Kh7 96. Qh4# {Black checkmated} 1-0

[Event "ICC tourney 2020 (75 10)"]
[Site "Internet Chess Club"]
[Date "2020.09.26"]
[Round "2"]
[White "miyzhang"]
[Black "cappyal"]
[Result "1-0"]
[ICCResult "Black resigns"]
[WhiteElo "1287"]
[BlackElo "454"]
[Opening "Giuoco Pianissimo"]
[ECO "C55"]
[NIC "IG.01"]
[Time "16:35:11"]
[TimeControl "4500+10"]

1. e4 e5 2. Nf3 Nc6 3. Bc4 Nf6 4. d3 Bc5 5. c3 Ng4 6. O-O d6 7. h3 Nf6 8.
Re1 O-O 9. Bg5 h6 10. Bh4 Qe7 11. d4 exd4 12. cxd4 Bb4 13. Nc3 Bxc3 14. bxc3
Rd8 15. Qc2 Na5 16. Bd3 Qe6 17. e5 dxe5 18. dxe5 g5 19. exf6 Qd6 20. Bh7+
Kh8 21. Bg3 Qd5 22. Re5 Qc4 23. Rxa5 Rd3 {Black resigns} 1-0

[Event "ICC tourney 2020 (75 10)"]
[Site "Internet Chess Club"]
[Date "2020.09.26"]
[Round "2"]
[White "RockyWang"]
[Black "alexbelaya"]
[Result "1-0"]
[ICCResult "Black checkmated"]
[WhiteElo "496"]
[BlackElo "1099"]
[Opening "Ruy Lopez: old Steinitz defense"]
[ECO "C62"]
[NIC "RL.02"]
[Time "16:35:12"]
[TimeControl "4500+10"]

1. e4 e5 2. Nf3 Nc6 3. Bb5 d6 4. h3 Bd7 5. d3 a6 6. Ba4 Nf6 7. Bg5 Be7 8.
Nc3 h6 9. Bh4 b5 10. Bb3 Be6 11. O-O Bxb3 12. axb3 d5 13. exd5 Nxd5 14. Bxe7
Ncxe7 15. Nxe5 Nxc3 16. bxc3 Qd6 17. Qf3 O-O 18. d4 Nd5 19. c4 bxc4 20. bxc4
Ne7 21. Qd3 Rad8 22. Rfd1 Rd7 23. Nxd7 Qxd7 24. Rxa6 Rd8 25. d5 Ng6 26. Qg3
Rc8 27. Qg4 Qxg4 28. hxg4 Ne5 29. Rd4 Kh7 30. Re4 f6 31. f3 Kg6 32. Rxe5 Kf7
33. Ree6 Rb8 34. Kf2 Rb2 35. Re2 Rb4 36. Rc6 Rb7 37. Re3 g6 38. Ree6 f5 39.
gxf5 gxf5 40. Rxh6 Rb2 41. Rxc7+ Kg8 42. Rg6+ Kh8 43. Kg3 Rxc2 44. d6 Rd2
45. d7 Rd4 46. Rc8+ Kh7 47. d8=Q Rxd8 48. Rxd8 Kxg6 49. Kf4 Kf6 50. Rf8+ Ke7
51. Rxf5 Kd6 52. g4 Ke7 53. Re5+ Kf7 54. c5 Kg7 55. c6 Kg6 56. g5 Kf7 57.
Kf5 Kg7 58. Re7+ Kf8 59. Kf6 Kg8 60. g6 Kf8 61. g7+ Kg8 62. Re8+ Kh7 63.
Rh8# {Black checkmated} 1-0

[Event "ICC tourney 2020 (75 10)"]
[Site "Internet Chess Club"]
[Date "2020.09.26"]
[Round "2"]
[White "EricCheng-131"]
[Black "falcon2020"]
[Result "0-1"]
[ICCResult "White resigns"]
[WhiteElo "903"]
[BlackElo "1203"]
[Opening "Petrov: classical attack, Marshall variation"]
[ECO "C42"]
[NIC "RG.04"]
[Time "16:35:14"]
[TimeControl "4500+10"]

1. e4 e5 2. Nf3 Nf6 3. Nxe5 d6 4. Nf3 Nxe4 5. d4 d5 6. Bd3 Bd6 7. O-O O-O 8.
Re1 Bf5 9. Nbd2 Re8 10. Nb3 Bg6 11. Bd2 Nc6 12. Na5 Nxd2 13. Qxd2 Bb4 14.
Nxc6 Bxd2 15. Nxd8 Bxe1 16. Nxf7 Bxf7 17. Rxe1 Rxe1+ 18. Nxe1 Re8 19. Nf3
Bg6 20. Bxg6 hxg6 21. Kf1 Re4 22. c3 Re6 23. Ne5 Ra6 24. a3 Rb6 25. Nd3 Kf7
26. Ke2 Ke7 27. Kf3 Kd7 28. Kg4 Kc6 29. Ne5+ Kb5 30. Kg5 Ka4 31. Nxg6 Rxb2
32. h4 Rxf2 33. g4 Kxa3 34. Nf4 Kb3 35. Nxd5 Rf7 36. Kg6 Rd7 37. Nf4 a5 38.
Nd3 Kxc3 39. Nc5 Re7 40. h5 b6 41. Na4+ Kb3 42. h6 gxh6 43. Kxh6 Kxa4 44. g5
Re1 45. g6 Rg1 46. g7 b5 47. Kh7 b4 48. g8=Q Rxg8 49. Kxg8 b3 50. Kf7 b2 51.
Ke6 b1=Q {White resigns} 0-1

[Event "ICC tourney 2020 (75 10)"]
[Site "Internet Chess Club"]
[Date "2020.09.26"]
[Round "2"]
[White "lucachesschess"]
[Black "Maximusiv"]
[Result "1-0"]
[ICCResult "Black resigns"]
[WhiteElo "1252"]
[BlackElo "1047"]
[Opening "Budapest: Adler variation"]
[ECO "A52"]
[NIC "QG.01"]
[Time "16:35:13"]
[TimeControl "4500+10"]

1. d4 Nf6 2. c4 e5 3. dxe5 Ng4 4. Nf3 Nc6 5. Bf4 g5 6. Bxg5 Be7 7. Bf4 Bc5
8. e3 Qe7 9. Nc3 Ngxe5 10. Nxe5 Nxe5 11. Nd5 Bb4+ 12. Ke2 Qd6 13. Bxe5 Qxe5
14. Nxb4 Qxb2+ 15. Kf3 Qxb4 16. Qd4 Rg8 17. Bd3 Qe7 18. Qe4 d6 19. Qxe7+
Kxe7 20. Bxh7 Bg4+ 21. Kf4 Rg7 22. Be4 c6 23. h4 Be6 24. Rac1 Rf8 25. Bd3
Rxg2 26. Kf3 Rg7 27. Rcg1 Rfg8 28. Rg3 Bg4+ 29. Kf4 Ke6 30. Rhg1 f5 31. f3
Kf6 32. fxg4 fxg4 33. Rxg4 Rxg4+ 34. Rxg4 Rh8 35. Rg6+ Kf7 36. Kg5 Re8 37.
Rf6+ Kg7 38. Rf3 Re5+ 39. Kg4 Ra5 40. Rf2 Ra4 41. h5 d5 42. Kg5 dxc4 43. h6+
Kg8 44. Kg6 cxd3 45. h7+ {Black resigns} 1-0

[Event "ICC tourney 2020 (75 10)"]
[Site "Internet Chess Club"]
[Date "2020.09.26"]
[Round "2"]
[White "NeuralNetworkQS"]
[Black "boxingguy2469x"]
[Result "1-0"]
[ICCResult "Black checkmated"]
[WhiteElo "932"]
[BlackElo "1221"]
[Opening "Giuoco Piano"]
[ECO "C50"]
[NIC "IG.02"]
[Time "16:35:11"]
[TimeControl "4500+10"]

1. e4 e5 2. Nf3 Nc6 3. Bc4 Bc5 4. O-O d6 5. h3 Nf6 6. d3 O-O 7. Bg5 Be6 8.
Nc3 h6 9. Bh4 g5 10. Bg3 g4 11. Bxe6 fxe6 12. hxg4 Nxg4 13. Nd2 Nf6 14. Nb3
Kh7 15. Nxc5 dxc5 16. f4 Qd4+ 17. Bf2 Qd6 18. Nb5 Qd7 19. Bxc5 Rg8 20. fxe5
Qg7 21. Qd2 Ng4 22. d4 b6 23. Ba3 Ne3 24. Rf2 Nc4 25. Qd1 Rad8 26. Qf1 Nxa3
27. Rf7 Nxc2 28. Rxg7+ Rxg7 29. Rc1 Ne3 30. Qd3 Ng4 31. Rxc6 Nxe5 32. Qc3
Nxc6 33. Qxc6 Rdg8 34. e5 Rg3 35. Qxc7+ Kh8 36. Qc6 h5 37. Qe4 R3g4 38. Qe2
h4 39. Qd2 R8g5 40. Nd6 Kg8 41. Ne4 Rg6 42. Nf6+ Rxf6 43. exf6 h3 44. Qh6
Rxg2+ 45. Kh1 Rg3 46. Kh2 Rf3 47. Qg7# {Black checkmated} 1-0

[Event "ICC tourney 2020 (75 10)"]
[Site "Internet Chess Club"]
[Date "2020.09.26"]
[Round "2"]
[White "soreairplane"]
[Black "araddhya"]
[Result "1-0"]
[ICCResult "Black checkmated"]
[WhiteElo "1217"]
[BlackElo "1003"]
[Opening "Scotch game"]
[ECO "C45"]
[NIC "SO.05"]
[Time "16:35:15"]
[TimeControl "4500+10"]

1. e4 e5 2. Nf3 Nc6 3. d4 exd4 4. Nxd4 Bc5 5. Be3 Qf6 6. c3 Qe7 7. Bd3 Nf6
8. Nf5 Qf8 9. Bxc5 Qxc5 10. Nxg7+ Ke7 11. Nf5+ Kf8 12. Qd2 Ke8 13. Qg5 Qe5
14. Nd2 d5 15. f4 Qe6 16. Ng7+ Ke7 17. Nxe6 Bxe6 18. e5 Rhg8 19. Qxf6+ Kd7
20. Bb5 Rxg2 21. Bxc6+ bxc6 22. O-O-O d4 23. Nb3 Bd5 24. Rxd4 Kc8 25. Qh8+
Kb7 26. Nc5+ Kb6 27. Qxa8 f6 28. Rb4+ Kxc5 29. Qxa7# {Black checkmated} 1-0

[Event "ICC tourney 2020 (75 10)"]
[Site "Internet Chess Club"]
[Date "2020.09.26"]
[Round "2"]
[White "EvSun"]
[Black "DaveGriffin"]
[Result "0-1"]
[ICCResult "White checkmated"]
[WhiteElo "986"]
[BlackElo "1393"]
[Opening "English opening"]
[ECO "A10"]
[NIC "EO.63"]
[Time "16:35:19"]
[TimeControl "4500+10"]

1. c4 b6 2. Nc3 e6 3. Nf3 Bb4 4. g3 Bxc3 5. bxc3 Bb7 6. Bg2 f5 7. O-O Nf6 8.
d3 O-O 9. Re1 Qe8 10. e4 fxe4 11. dxe4 Bxe4 12. Bf4 d6 13. Be3 Nbd7 14. Nd4
Bxg2 15. Kxg2 e5 16. Nc6 a5 17. a4 Nc5 18. Bxc5 Qxc6+ 19. f3 Qxc5 20. Qe2
Rae8 21. Rab1 Qc6 22. Rb5 h6 23. Kg1 Nh7 24. Rf1 Ng5 25. Rd5 Qxa4 26. h4 Nh7
27. Rf2 Qa1+ 28. Rf1 Qxc3 29. Qd3 Qxd3 30. Rxd3 e4 31. fxe4 Rxf1+ 32. Kxf1
Rxe4 33. Rc3 Nf6 34. Kf2 Nd7 35. Kf3 Nc5 36. Kf2 Re5 37. Kf3 Re1 38. Kf2
Ne4+ 39. Kxe1 Nxc3 40. Kd2 Ne4+ 41. Kd3 Nxg3 42. Kd4 Kf7 43. Kd5 Ke7 44. Kc6
Kd8 45. Kb5 Nf5 46. h5 Ng3 47. Kc6 Nxh5 48. Kb5 Nf4 49. Kc6 h5 50. Kb5 h4
51. Ka4 h3 52. Kb5 h2 53. c5 dxc5 54. Kc6 h1=Q+ 55. Kb5 Kd7 56. Ka6 Qf1+ 57.
Ka7 Nd5 58. Kb7 Qf3 59. Ka7 Nb4 60. Kb8 Qf8+ 61. Ka7 Qe8 62. Kb7 Qc8+ 63.
Ka7 Nc6# {White checkmated} 0-1

[Event "ICC tourney 2020 (75 10)"]
[Site "Internet Chess Club"]
[Date "2020.09.26"]
[Round "2"]
[White "GGchess12"]
[Black "AJRChess2011"]
[Result "0-1"]
[ICCResult "White checkmated"]
[WhiteElo "291"]
[BlackElo "1286"]
[Opening "Sicilian: Nimzovich-Rossolimo attack (without ...d6)"]
[ECO "B30"]
[NIC "SI.31"]
[Time "16:35:09"]
[TimeControl "4500+10"]

1. e4 c5 2. Nf3 Nc6 3. Bb5 e6 4. O-O Nge7 5. Bxc6 Nxc6 6. d3 Be7 7. Be3 O-O
8. Nbd2 d5 9. exd5 exd5 10. Nb3 d4 11. Bf4 Re8 12. Re1 Be6 13. c4 dxc3 14.
bxc3 Bf5 15. d4 cxd4 16. cxd4 Nb4 17. Re5 Bc2 18. Qd2 Bxb3 19. axb3 Nd5 20.
Bg3 Bb4 21. Rxd5 Qxd5 22. Qxb4 a5 23. Qc5 Qxb3 24. h3 a4 25. Bd6 Rec8 26.
Qa3 Qxa3 27. Rxa3 Rc6 28. Bf4 b5 29. Kh2 b4 30. Ra1 a3 31. Nd2 Rc2 32. Rb1
a2 33. Ra1 Rc3 34. Be5 f6 35. Bd6 b3 36. Bb4 Rc2 37. Nxb3 Rb2 38. Nc1 Rxb4
39. Rxa2 Rxa2 40. Nxa2 Rxd4 41. Nc3 Rd3 42. Ne4 Kf7 43. f3 f5 44. Nf2 Rd2
45. Kg3 f4+ 46. Kxf4 Rxf2 47. g4 h6 48. Kg3 Rc2 49. h4 Kf6 50. Kf4 Rc4+ 51.
Ke3 Ke5 52. Kd3 Rf4 53. Ke3 h5 54. g5 Rxh4 55. Kf2 Kf5 56. g6 Kxg6 57. Kg3
Kg5 58. f4+ Rxf4 59. Kg2 Kg4 60. Kh2 h4 61. Kg2 Rb4 62. Kf2 h3 63. Kg1 Kg3
64. Kf1 h2 65. Ke2 h1=Q 66. Kd2 Qg2+ 67. Kc3 Qb2+ 68. Kd3 Rb3+ 69. Kc4 Qc3+
70. Kd5 Qd3+ 71. Ke5 Rb5+ 72. Ke6 Qd5+ 73. Ke7 Rb7+ 74. Ke8 Qd7+ 75. Kf8
Qf7# {White checkmated} 0-1

[Event "ICC tourney 2020 (75 10)"]
[Site "Internet Chess Club"]
[Date "2020.09.26"]
[Round "2"]
[White "traycon"]
[Black "Rhinoguy"]
[Result "0-1"]
[ICCResult "White checkmated"]
[WhiteElo "900"]
[BlackElo "1183"]
[Opening "English: four knights system"]
[ECO "A28"]
[NIC "EO.08"]
[Time "16:35:10"]
[TimeControl "4500+10"]

1. c4 e5 2. Nc3 Nf6 3. Nf3 Nc6 4. d4 exd4 5. Nxd4 Nxd4 6. Qxd4 d6 7. g3 g6
8. Bg2 Bg7 9. O-O O-O 10. Qd2 c6 11. b3 Re8 12. Bb2 Bd7 13. Qxd6 Re6 14. Qd2
Qe7 15. e3 Rd8 16. a4 Qb4 17. Qc2 Ree8 18. Ba3 Qb6 19. c5 Qc7 20. Rae1 Be6
21. Bb2 Nd5 22. Bxd5 Bxd5 23. e4 Be6 24. Rd1 Bh3 25. Rxd8 Rxd8 26. Rd1 Rxd1+
27. Nxd1 Bxb2 28. Nxb2 Qa5 29. Nd3 Qd8 30. Ne5 Qd4 31. Nf3 Qa1+ 32. Qb1
Qxb1+ 33. Ne1 Qxe1# {White checkmated} 0-1

[Event "ICC tourney 2020 (75 10)"]
[Site "Internet Chess Club"]
[Date "2020.09.26"]
[Round "2"]
[White "DrKnight01"]
[Black "JCJ2018"]
[Result "0-1"]
[ICCResult "White forfeits on time"]
[WhiteElo "1152"]
[BlackElo "1003"]
[Opening "Giuoco Piano"]
[ECO "C50"]
[NIC "IG.02"]
[Time "16:35:13"]
[TimeControl "4500+10"]

1. e4 e5 2. Nf3 Nc6 3. Bc4 Bc5 4. Nc3 d6 5. h3 Be6 6. d3 h6 7. Be3 Bb6 8.
Qd2 Bxc4 9. dxc4 Nf6 10. O-O-O Ba5 11. a3 Nxe4 12. Qe2 Bxc3 13. bxc3 Nxc3
14. Qd2 Nxd1 15. Rxd1 O-O 16. g4 Qf6 17. Nh2 e4 18. c3 Na5 19. g5 Nb3+ 20.
Kc2 Nxd2 21. Rxd2 hxg5 {White forfeits on time} 0-1

[Event "ICC tourney 2020 (75 10)"]
[Site "Internet Chess Club"]
[Date "2020.09.26"]
[Round "2"]
[White "oxdidi"]
[Black "ruhanv"]
[Result "0-1"]
[ICCResult "White checkmated"]
[WhiteElo "1154"]
[BlackElo "962"]
[Opening "Caro-Kann: advance variation"]
[ECO "B12"]
[NIC "CK.02"]
[Time "16:35:15"]
[TimeControl "4500+10"]

1. e4 c6 2. d4 d5 3. e5 c5 4. c3 Nc6 5. Nf3 Bg4 6. Be2 e6 7. Be3 Qb6 8. Qc2
Bxf3 9. Bxf3 cxd4 10. cxd4 Nxd4 11. Qa4+ Qc6 12. Qxd4 Ne7 13. O-O Nf5 14.
Qd2 h6 15. Rc1 Qd7 16. Bc5 Be7 17. Bxe7 Nxe7 18. Nc3 Nc6 19. Qe2 a6 20. Bg4
b5 21. Rd1 Qc7 22. Rac1 Qb6 23. Qd2 Nxe5 24. Bh5 Nd7 25. Re1 O-O 26. Re3 Nf6
27. Rh3 Rac8 28. Be2 Qc5 29. a3 d4 30. Na2 Qd5 31. Nb4 Qd6 32. Rd1 e5 33.
Bd3 e4 34. Bc2 a5 35. Na2 Qd5 36. Nc1 Qc4 37. Bb3 Qc5 38. Qxa5 Qxc1 39. Qxb5
d3 40. Rg3 Qf4 41. Qa4 Rc1 42. h3 d2 43. Rf3 Rxd1+ 44. Bxd1 Qe5 45. Rg3 Qxb2
46. Qa5 Qd4 47. Rb3 Rd8 48. Rb1 e3 49. f3 e2+ 50. Kh1 e1=Q+ 51. Kh2 Qf4+ 52.
g3 Qfxg3# {White checkmated} 0-1

[Event "ICC tourney 2020 (75 10)"]
[Site "Internet Chess Club"]
[Date "2020.09.26"]
[Round "3"]
[White "araddhya"]
[Black "DrKnight01"]
[Result "0-1"]
[ICCResult "White checkmated"]
[WhiteElo "968"]
[BlackElo "1163"]
[Opening "Giuoco Piano"]
[ECO "C50"]
[NIC "IG.02"]
[Time "20:01:55"]
[TimeControl "4500+10"]

1. e4 e5 2. Nf3 Nc6 3. Bc4 Bc5 4. O-O h6 5. Nc3 d6 6. h3 Nf6 7. a3 g5 8. Nd5
g4 9. Nxf6+ Qxf6 10. hxg4 Bxg4 11. Be2 Bxf3 12. Bxf3 O-O-O 13. b4 Bb6 14. c3
h5 15. Bxh5 Qh4 16. Qg4+ Qxg4 17. Bxg4+ Kb8 18. a4 a6 19. b5 axb5 20. axb5
Ne7 21. Bb2 Rdg8 22. Bh3 Rxh3 23. g3 Rgxg3# {White checkmated} 0-1